 Dungeon Crawl Stone Soup version 0.25-a0-24-g72dcfe0 (webtiles) character file.

Game seed: 15600844313704578450, levelgen mode: deterministic

168 DrEnzyme the Sneak (level 5, -3/25 HPs)
             Began as a Vine Stalker Wanderer on Oct 16, 2019.
             Slain by Grinder (5 damage)
             ... on level 3 of the Dungeon.
             The game lasted 00:09:42 (2391 turns).

DrEnzyme the Sneak (Vine Stalker Wanderer)          Turns: 2391, Time: 00:09:43

Health: -3/25      AC:  6    Str: 16    XL:     5   Next: 48%
Magic:  0/9        EV: 11    Int: 14    God:
Gold:   74         SH:  0    Dex: 13    Spells: 6/9 levels left

rFire    . . .     SeeInvis +   a - +3 quarterstaff
rCold    . . .     Gourm    .   (shield currently unavailable)
rNeg     . . .     Faith    .   d - +0 ring mail
rPois    .         Spirit   +   (no helmet)
rElec    .         Reflect  .   (no cloak)
rCorr    +         Harm     .   r - +0 pair of gloves
MR       .....                  (no boots)
Stlth    +++.......             (no amulet)
HPRegen  0.48/turn              e - ring of resist corrosion
MPRegen  0.11/turn              (no ring)

@: no status effects
A: fangs 2, see invisible, agile 1, regeneration 1, magic shield, antimagic
bite, no potion heal 3, rot immunity, MP-powered wands, sturdy frame 1
a: no special abilities


You were on level 3 of the Dungeon.
You were hungry.

You visited 1 branch of the dungeon, and saw 3 of its levels.

You collected 74 gold pieces.

Inventory:

Hand Weapons
 a - a +3 quarterstaff (weapon)
 q - a +3 club
Missiles
 b - 20 stones (quivered)
Armour
 d - a +0 ring mail (worn)
 r - a +0 pair of gloves (worn)
Jewellery
 e - a ring of resist corrosion (left hand)
 p - an uncursed ring of protection from fire
Scrolls
 h - 3 scrolls of remove curse
 n - a scroll of amnesia {unknown}
Potions
 j - a potion of mutation
 m - a potion of curing
Comestibles
 f - 7 rations


   Skills:
 + Level 1.5 Fighting
 + Level 1.8 Staves
 + Level 0.6 Throwing
 + Level 0.1 Armour
 + Level 1.3 Dodging
 + Level 5.8 Stealth
 + Level 2.5 Spellcasting
   Level 1.0 Charms
   Level 1.0 Necromancy
 + Level 2.0 Earth Magic


You had 6 spell levels left.
You knew the following spells:

 Your Spells              Type           Power        Failure   Level  Hunger
a - Sandblast             Erth           #.....       13%         1    #......
b - Blink                 Tloc           N/A          43%         2    ###....

Your spell library contained the following spells:

 Spells                   Type           Power        Failure   Level  Hunger
 Magic Dart               Conj           #...         30%         1    #......
 Call Imp                 Summ           #.......     43%         2    ###....
 Slow                     Hex            #.......     43%         2    ###....
 Stone Arrow              Conj/Erth      #.....       52%         3    ###....
 Conjure Flame            Conj/Fire      #.......     67%         3    ###....
 Mephitic Cloud           Conj/Pois/Air  #.......     67%         3    ###....


Dungeon Overview and Level Annotations

Branches:
Dungeon (3/15)

Altars:
Cheibriados
Vehumet

Annotations:
D:3 Grinder


Innate Abilities, Weirdness & Mutations

You have extremely sharp teeth.
Your natural rate of healing is unusually fast.
When hurt, damage is shared between your health and your magic reserves.
Your bite disrupts and absorbs the magic of your enemies.
Potions cannot restore your health.
You are immune to rotting.
You have supernaturally acute eyesight. (SInv)
You are agile. (Dex +2)
You expend magic power (3 MP) to strengthen your wands.
Your movements are slightly less encumbered by armour. (ER -2)


Message History

You start resting.
Your surroundings suddenly seem different.
Found a scroll of identify.
Okay, then.
You aren't carrying any items that you can evoke.
As you read the scroll labeled AMYRES JIPI, it crumbles to dust.
It is a scroll of enchant weapon.
Your +2 quarterstaff glows red for a moment.
Okay, then.
Your ring mail prevents you from hitting Grinder.
Grinder gestures at you. Pain shoots through your body! Grinder hits you!
You writhe in agony.
* * * LOW HITPOINT WARNING * * *
You closely miss Grinder. Grinder closely misses you.
As you read the scroll labeled UDUAGUWARY, it crumbles to dust.
You assume a fearsome visage.
Grinder is unaffected.
It was a scroll of fear.
Grinder hits you.
* * * LOW HITPOINT WARNING * * *
You writhe in agony.
You die...

#.. #.# #.# #.#
####### #(# # #.....#
#.# .#
#..>..#####(##..#
#####......)).(5@.%(#
.....)....#####.#..##
#####.....# .........
#####.##.##.#(####?#
#...........
#..###.#...## #..# #.
.#.. ##.# #. ....#
#.. ##


You could see Grinder.

Vanquished Creatures
  An orc priest (D:3)
  Jessica (D:3)
  An orc wizard (D:3)
  2 adders
  2 dart slugs (D:2)
  2 leopard geckos
  7 orcs (D:3)
  5 bats
  8 goblins
  6 hobgoblins
  3 jackals (D:3)
  8 kobolds
  A quokka (D:3)
  2 ball pythons
  3 frilled lizards
  5 rats
57 creatures vanquished.

Notes
Turn   | Place    | Note
-------+----------+-------------------------------------------
     0 | D:1      | DrEnzyme the Vine Stalker Wanderer began the quest for the
                  | Orb.
     0 | D:1      | DrEnzyme set off with the following items: a +2
                  | quarterstaff, a scroll of teleportation, a +0 robe, a +0
                  | dagger, a ration; and the following spell memorised:
                  | Sandblast; and the following spells available to memorise:
                  | Stone Arrow
     0 | D:1      | Reached XP level 1. HP: 10/10 MP: 3/3
    22 | D:1      | Reached skill level 5 in Stealth
   245 | D:1      | Reached XP level 2. HP: 14/14 MP: 4/4
   860 | D:2      | Learned a level 2 spell: Blink
   878 | D:2      | Reached XP level 3. HP: 18/18 MP: 3/5
  1328 | D:2      | Found a radiant altar of Vehumet.
  1352 | D:2      | Found a snail-covered altar of Cheibriados.
  1684 | D:2      | Gained mutation: Your body sometimes deteriorates upon
                  | taking damage. [potion of mutation]
  1684 | D:2      | Gained mutation: Your movements are slightly less
                  | encumbered by armour. (ER -2) [potion of mutation]
  1685 | D:2      | Lost mutation: Your movements are slightly less encumbered
                  | by armour. (ER -2) [potion of mutation]
  1685 | D:2      | Lost mutation: Your body sometimes deteriorates upon taking
                  | damage. [potion of mutation]
  1685 | D:2      | Gained mutation: You have supernaturally acute eyesight.
                  | (SInv) [potion of mutation]
  1685 | D:2      | Gained mutation: You expend magic power (3 MP) to
                  | strengthen your wands. [potion of mutation]
  1685 | D:2      | Gained mutation: Your movements are slightly less
                  | encumbered by armour. (ER -2) [potion of mutation]
  1685 | D:2      | Gained mutation: You are agile. (Dex +2) [potion of
                  | mutation]
  1763 | D:3      | Noticed Jessica
  1770 | D:3      | Killed Jessica
  1770 | D:3      | Reached skill level 1 in Earth Magic
  1770 | D:3      | Gained mutation: Your natural rate of healing is unusually
                  | fast. [Vine Stalker growth]
  1770 | D:3      | Reached XP level 4. HP: 22/22 MP: 7/7
  2366 | D:3      | Reached XP level 5. HP: 16/25 MP: 0/9
  2381 | D:3      | Noticed Grinder
  2391 | D:3      | Slain by Grinder

Levels and vault maps discovered:
D:1:      lightli_arrival_chessboard, layout_basic
D:2:      layout_rooms, kennysheep_slug_shrine, lemuel_doored_altar,
          first_ration, hex_large
D:3:      layout_loops_ring, uniq_robin, uniq_grinder, uniq_natasha,
          uniq_jessica

Skill      XL: |  1  2  3  4  5 |
---------------+----------------+-----
Stealth        | 5 |  5.8
Earth Magic    | 1 2 |  2.0
Spellcasting   | 2 |  2.5
Fighting       | |  1.5
Staves         | |  1.8
Throwing       | |  0.6
Armour         | |  0.1
Dodging        | |  1.3
Charms         | |  1.0
Necromancy     | |  1.0

Action                   |  1- 3 |  4- 6 || total
-------------------------+-------+-------++-------
Melee: Quarterstaff      |    61 |    24 ||    85
       Bite              |    11 |     3 ||    14
Throw: Dart              |     8 |    21 ||    29
 Cast: Sandblast         |    22 |    16 ||    38
  Use: Scroll            |     4 |     4 ||     8
       Potion            |     2 |       ||     2
 Stab: Sleeping          |     4 |       ||     4
  Eat: Chunk             |     4 |     1 ||     5
Armor: Robe              |    13 |       ||    13
       Ring mail         |       |    20 ||    20
Dodge: Dodged            |    47 |    18 ||    65

Table legend:
 A = Non-vault XP
 B = Vault XP
 C = Vault XP percentage of total XP
 D = Non-vault monster count
 E = Vault monster count
 F = Vault count percentage of total count
                 A         B        C        D         E       F
            +---------+---------+-------+---------+---------+-------
      Total |     197 |      43 |  17.9 |      54 |       3 |   5.3
            +---------+---------+-------+---------+---------+-------
        D:1 |      33 |       0 |   0.0 |      21 |       0 |   0.0
        D:2 |      34 |       4 |  10.5 |      13 |       1 |   7.1
        D:3 |     130 |      39 |  23.1 |      20 |       2 |   9.1
            +---------+---------+-------+---------+---------+-------
